 Dungeon Crawl Stone Soup version 0.31-a0-95-g6fa058ef04 (webtiles) character file.

Game seed: 14698491233294181001

272 voltaire321 the Ducker (level 6, -1/46 HPs)
             Began as a Merfolk Venom Mage on May 25, 2023.
             Slain by a gnoll bouda
             ... wielding a +0 whip
              (8 damage)
             ... on level 4 of the Dungeon.
             The game lasted 00:12:13 (3900 turns).

voltaire321 the Ducker (Merfolk Venom Mage)         Turns: 3900, Time: 00:12:14

Health: -1/46      AC:  3    Str: 10    XL:     6   Next: 23%
Magic:  0/10       EV: 13    Int: 14    God:
Gold:   186        SH:  0    Dex: 15    Spells: 6/11 levels left

rFire   . . .        d - +0 short sword
rCold   . . .        (no shield)
rNeg    . . .        a - +0 robe
rPois   .            n - +0 helmet
rElec   .            (no cloak)
rCorr   .            (no gloves)
SInv    .            (no boots)
Will    +....        s - amulet of the acrobat
Stlth   ++           v - ring of willpower
HPRegen 0.27/turn    (no ring)
MPRegen 0.12/turn

%: acrobat
@: no status effects
A: (nimble swimmer 2), mertail
a: no special abilities


You were on level 4 of the Dungeon.
You visited 1 branch of the dungeon, and saw 4 of its levels.

You collected 186 gold pieces.

Inventory:

Hand Weapons
 d - a +0 short sword (weapon)
 x - a +0 falchion
Armour
 a - a +0 robe (worn)
 n - a +0 helmet (worn)
 u - a +0 kite shield
Magical Staves
 q - a staff of cold
Jewellery
 l - a ring of ice
 s - an amulet of the acrobat (around neck)
 v - a ring of willpower (left hand)
Wands
 r - a wand of flame (15)
Scrolls
 f - a scroll of enchant weapon {unknown}
 g - 3 scrolls of teleportation {unknown}
 i - 2 scrolls of blinking {unknown}
 j - a scroll of enchant armour {unknown}
 m - 3 scrolls of identify {unknown}
 o - a scroll of torment {unknown}
 w - a scroll of fog {unknown}
Potions
 b - 2 potions of magic
 c - a potion of degeneration {unknown}
 e - 2 potions of lignification {unknown}
 h - a potion of haste {unknown}
 k - 2 potions of attraction {unknown}
 p - a potion of curing {unknown}
 t - 2 potions of mutation {unknown}


   Skills:
 + Level 2.5 Fighting
 + Level 1.6 Armour
 + Level 4.3 Dodging
 - Level 2.1 Stealth
 + Level 0.9 Shields
 + Level 3.0 Spellcasting
 - Level 2.0 Transmutations
 + Level 4.2 Poison Magic


You had 6 spell levels left.
You knew the following spells:

 Your Spells              Type           Power      Damage    Failure   Level
a - Sting                 Tmut/Pois      36%        1d4       7%          1
b - Olgreb's Toxic Radia  Pois           14%        N/A       36%         4

Your spell library contained the following spells:

 Spells                   Type           Power      Damage    Failure   Level
 Poisonous Vapours        Pois/Air       14%        N/A       16%         2
 Sandblast                Erth           4%         2d4       22%         1
 Passwall                 Tmut/Erth      2%         N/A       26%         2
 Ignite Poison            Fire/Tmut/Pois 6%         N/A       32%         3
 Mephitic Cloud           Conj/Pois/Air  4%         N/A       41%         3
 Stone Arrow              Conj/Erth      2%         3d7       58%         3
 Sticky Flame             Conj/Fire      1%         2d3       94%         4
 Freezing Cloud           Conj/Ice/Air   0%         6-21      100%        5
 Ignition                 Fire           1%         3d3       100%        8


Dungeon Overview and Level Annotations

Branches:
Dungeon (4/15)
 Temple: D:4-7

Altars:
Zin


Innate Abilities, Weirdness & Mutations

((You are very nimble when in or above water. (Stealth+, EV+, Speed+++)))
Your lower body shifts to a powerful aquatic tail in water.


Message History

The gnoll bouda is severely wounded.
The gnoll bouda barely misses you.
You hit the gnoll bouda.
The gnoll bouda is severely wounded.
The gnoll bouda hits you with a +0 whip!
You closely miss the gnoll bouda.
The gnoll bouda is almost dead.
The gnoll bouda utters an invocation to its god.
The gnoll bouda is healed somewhat.
You hit the gnoll bouda but do no damage.
The gnoll bouda is heavily wounded.
The gnoll bouda completely misses you.
You hit the gnoll bouda but do no damage.
The gnoll bouda is severely wounded.
The gnoll bouda hits you but does no damage.
You hit the gnoll bouda.
The gnoll bouda is severely wounded.
The gnoll bouda mumbles some strange prayers to its god.
The gnoll bouda is healed somewhat.
Aiming: Sting (safe; 7% risk of failure)
Press: ? - help, Q - select action, (/) - cycle Shift-Dir - straight line, f/p - gnoll bouda
Aim: a gnoll bouda, wielding a +0 whip and wearing a +0 leather armour (heavily wounded, poisoned, 72% to hit)
The sting hits the gnoll bouda but does no damage.
The gnoll bouda looks even sicker.
The gnoll bouda is heavily wounded.
The gnoll bouda hits you with a +0 whip!
You hit the gnoll bouda but do no damage.
The gnoll bouda is heavily wounded.
The gnoll bouda barely misses you.
You barely miss the gnoll bouda.
The gnoll bouda is heavily wounded.
The gnoll bouda barely misses you.
You hit the gnoll bouda but do no damage.
The gnoll bouda is severely wounded.
The gnoll bouda hits you with a +0 whip!
* * * LOW HITPOINT WARNING * * *
You hit the gnoll bouda but do no damage.
The gnoll bouda is severely wounded.
The gnoll bouda hits you with a +0 whip!
You die...

####....# ##..##.......#
.......## #...........#
........# ##.........###
######..## #........#..##
##....####.......###..###
##.......#........# ##.#.#
###................## ##)##
.........))........#########
.....##........g@.......<..#
...####..................#.#
#..g# #..................#.#
##..####....##.......##.##.#
##gg#....####......##.#####
#g....### #.........#
###..### #......<..#
##......## ...........#
.........# ............#


You could see a gnoll bouda (poisoned).

Vanquished Creatures
  Jessica (D:2)
  Terence (D:2)
  Robin (D:2)
  10 gnolls
  2 adders
  4 dart slugs
  2 orcs (D:3)
  3 ball pythons
  10 endoplasms
  5 giant cockroaches
  15 goblins
  5 hobgoblins
  4 quokkas
  5 bats
  5 frilled lizards
  6 kobolds
  9 rats
88 creatures vanquished.

Notes
Turn   | Place    | Note
-------+----------+-------------------------------------------
     0 | D:1      | voltaire321 the Merfolk Venom Mage began the quest for the
                  | Orb.
     0 | D:1      | Reached XP level 1. HP: 13/13 MP: 3/3
   160 | D:1      | Reached XP level 2. HP: 20/20 MP: 1/5
   431 | D:1      | Reached skill level 1 in Fighting
   529 | D:1      | Reached XP level 3. HP: 26/26 MP: 3/6
  1423 | D:2      | Reached XP level 4. HP: 30/32 MP: 2/7
  1477 | D:2      | Reached skill level 1 in Armour
  1821 | D:2      | Noticed Jessica
  1828 | D:2      | Killed Jessica
  1916 | D:2      | Noticed Robin
  1958 | D:2      | Killed Robin
  1970 | D:2      | Reached XP level 5. HP: 27/38 MP: 1/8
  2251 | D:2      | Noticed Terence
  2258 | D:2      | Learned a level 4 spell: Olgreb's Toxic Radiance
  2272 | D:2      | Killed Terence
  2801 | D:3      | Identified the staff of death "Pisaruth" {rN+ Int+3 Stlth+}
  2870 | D:3      | Found a glowing silver altar of Zin.
  3626 | D:4      | Reached XP level 6. HP: 41/46 MP: 4/10
  3900 | D:4      | Slain by a gnoll bouda

Illustrated notes

Levels and vault maps discovered:
D:1:      heliophobic_arrival_henge, layout_basic
D:2:      cheibrodos_old_hovel, layout_basic, serial_aquarium,
          aquarium_bridge_square [aquarium_subvault_window,
          aquarium_subvault_wall, aquarium_subvault_window,
          aquarium_subvault_bridge], aquarium_window_corridor_1,
          aquarium_window_fake, aquarium_window_1, aquarium_view_2d,
          aquarium_view_2b, small_statue_intersection, uniq_jessica, uniq_robin,
          uniq_terence
D:3:      layout_basic, zin_treasury, minmay_cut_off
D:4:      layout_layer_cave, nicolae_overflow_crystal_walls, fedhas_altar_3

Skill      XL: |  1  2  3  4  5  6 |
---------------+-------------------+-----
Dodging        | 3 4 |  4.3
Fighting       | 1 2 |  2.5
Transmutations | 2 |  2.0
Armour         | 1 |  1.6
Poison Magic   | 4 |  4.2
Spellcasting   | 3 |  3.0
Stealth        | |  2.1
Shields        | |  0.9

Action                     |  1- 3 |  4- 6 || total
---------------------------+-------+-------++-------
  Melee: Dagger            |    10 |       ||    10
         Short sword       |    39 |    51 ||    90
         Punch             |     2 |     1 ||     3
   Cast: Sting             |    63 |   115 ||   178
         Olgreb's Toxic Ra |       |     1 ||     1
 Armour: Robe              |     4 |    11 ||    15
  Dodge: Dodged            |    40 |    77 ||   117

Table legend: (Time is in decaauts)
 A = Elapsed time spent in this place.
 B = Non-inter-level travel time spent in this place.
 C = Inter-level travel time spent in this place.
 D = Time resting spent in this place.
 E = Time spent auto-exploring this place.
 F = Levels seen in this place.
 G = Mean time per level.
                   A        B        C        D        E       F      G
               +--------+--------+--------+--------+--------+-----+--------+
         Total |   3899 |   3814 |     85 |   1079 |   1701 |   4 |  974.8 |
       Dungeon |   3899 |   3814 |     85 |   1079 |   1701 |   4 |  974.8 |
               +--------+--------+--------+--------+--------+-----+--------+

Top non-repeatable levels by time:
     D:2: 1484 daAuts
     D:1: 1052 daAuts
     D:3: 1020 daAuts
     D:4: 342 daAuts
